 Dungeon Sprint DCSS version 0.30-a0-824-g6c64550be9 (webtiles) character file.

Game seed: 17291980726068971360

116806 BigDaddyOpFi the End of an Era (level 15, -15/148 HPs)
             Began as a Demonspawn Fighter on Feb 27, 2023.
             Was the Champion of Qazlal.
             Demolished by a black draconian knight
             ... wielding a +2 great sword
              (22 damage)
             ... in the Dungeon (Sprint VII: "The Pits").
             The game lasted 00:13:57 (5918 turns).

BigDaddyOpFi the End of an Era (Demonspawn Fighter) Turns: 5918, Time: 00:13:58

Health: -15/148    AC: 41    Str: 26    XL:     15   Next: 90%
Magic:  32/32      EV: 12    Int: 10    God:    Qazlal [******]
Gold:   123        SH:  8    Dex: 16    Spells: 14/14 levels left

rFire   + + +      SeeInvis +    z - +27 heavy crossbow "Sniper" {heavy, Acc+∞ SInv}
rCold   . . .      Faith    .    (shield currently unavailable)
rNeg    . . .      Spirit   .    A - +8 gold dragon scales
rPois   +          Reflect  .    K - +0 hat {Stlth+}
rElec   .          Harm     .    J - +0 cloak {Will+}
rCorr   .          Rampage  .    B - +1 pair of gloves
Will    ++...      NoTele   +    L - +0 pair of boots {Fly} Stlth
                                 (no amulet)
HPRegen 0.44/turn                H - +6 ring of strength
MPRegen 0.23/turn                R - ring of the Present {Fly rF+ rC- EV+5 Slay+6}

@: protected from fire, flying, repel missiles, unable to drink
A: antennae 2, thin metallic scales 2, foul stench 2, powered by death 3,
augmentation 1, inability to drink after injury 1
}: 1/3 runes: silver
a: Renounce Religion, Upheaval, Elemental Force, Disaster Area


You were in the Dungeon.
You worshipped Qazlal.
Qazlal was exalted by your worship.
You visited 1 branch You collected 123 gold pieces.

Inventory:

Hand Weapons
 r - the +7 Throatcutter {drain, coup de grace}
   (You found it in the Dungeon)
 z - the +27 heavy crossbow "Sniper" (weapon) {heavy, Acc+∞ SInv}
   (You found it in the Dungeon)

   Acc+∞: It never misses its target.
   SInv:      It lets you see invisible.
Armour
 a - a +1 tower shield
 x - a +0 kite shield of reflection
 A - +8 gold dragon scales (worn)
 B - a +1 pair of gloves (worn)
 I - a +2 pair of boots
 J - a +0 cloak of willpower (worn)
 K - a +0 hat of stealth (worn)
 L - a +0 pair of boots of flying (worn)
Jewellery
 b - a +3 ring of evasion
 c - a ring of wizardry
 m - a +3 ring of protection
 q - a ring of willpower
 t - a ring of protection from cold
 u - a ring of willpower
 C - a ring of protection from fire
 E - a ring of positive energy
 F - a +6 ring of strength
 G - a +3 ring of slaying
 H - a +6 ring of strength (left hand)
 N - a ring of wizardry
 P - a ring of flight
 R - the ring of the Present (right hand) {Fly rF+ rC- EV+5 Slay+6}
   (You found it in the Dungeon)

   [ring of evasion]

   EV:        It affects your evasion (+5).
   Slay:      It affects your accuracy & damage with ranged weapons and melee
   (+6).
   rF:        It protects you from fire.
   rC:        It makes you vulnerable to cold.
   Fly:       It grants you flight.
 S - a +6 ring of evasion
 T - a +6 ring of intelligence
Scrolls
 f - a scroll of enchant armour
 j - 2 scrolls of blinking
 p - a scroll of silence
 s - 2 scrolls of poison
 v - 6 scrolls of fear
 w - 7 scrolls of identify
 y - 7 scrolls of enchant weapon
 M - 2 scrolls of amnesia
 O - a scroll of fog
 Q - a scroll of magic mapping
Potions
 d - 5 potions of might
 e - 10 potions of curing
 g - 6 potions of haste
 h - 4 potions of magic
 i - 10 potions of berserk rage
 k - 3 potions of invisibility
 l - 5 potions of brilliance
 n - 2 potions of resistance
 D - 3 potions of heal wounds
Miscellaneous
 o - a lightning rod (4/4)


   Skills:
 + Level 22.4 Fighting
 + Level 19.7 Long Blades
 - Level 6.4 Axes
 + Level 20.6 Armour
 + Level 20.6 Shields
 O Level 27 Invocations


You had 14 spell levels left.
You didn't know any spells.
Your spell library contained the following spells:

 Spells                   Type           Power      Damage    Failure   Level
 Slow                     Hex            0%         N/A       99%         1
 Summon Small Mammal      Summ           0%         N/A       99%         1
 Call Imp                 Summ           0%         N/A       100%        2
 Cigotuvi's Dreadful Rot  Necr/Pois/Air  0%         N/A       100%        2
 Ensorcelled Hibernation  Hex/Ice        0%         N/A       100%        2
 Poisonous Vapours        Pois/Air       0%         N/A       100%        2
 Call Canine Familiar     Summ           0%         N/A       100%        3
 Inner Flame              Hex/Fire       0%         N/A       100%        3
 Summon Guardian Golem    Hex/Summ       0%         N/A       100%        3
 Anguish                  Hex/Necr       0%         N/A       100%        4
 Dispel Undead            Necr           0%         3d6       100%        4
 Flame Wave               Conj/Fire      0%         2d4       100%        4
 Manifold Assault         Tloc           0%         N/A       100%        4
 Sticky Flame             Conj/Fire      0%         2d3       100%        4
 Death Channel            Necr           0%         N/A       100%        6
 Dispersal                Tloc           0%         N/A       100%        6
 Disjunction              Tloc           0%         N/A       100%        8


Dungeon Overview and Level Annotations

Branches:
Dungeon (1/1)

Altars:
Ashenzari
Cheibriados
Dithmenos
Fedhas
Gozag
Hepliaklqana
Kikubaaqudgha
Makhleb
Nemelex Xobeh
Okawaru
Qazlal
Ru
Sif Muna
Trog
Uskayaw
Vehumet
Wu Jian
Xom
Yredelemnul
Jiyva
Lugonu


Innate Abilities, Weirdness & Mutations

You have a pair of antennae on your head.
You are mostly covered in thin metallic scales. (AC +3)
You sometimes emit foul miasma when damaged in melee.
You regenerate a lot of health from kills.
Your magical and physical power is slightly enhanced at high health.
You occasionally lose the ability to drink potions when taking damage.


Message History

You shoot a bolt.
The bolt hits the black draconian knight!!!!
The black draconian knight is severely wounded.
The black draconian knight hits you but does no damage.
The black draconian knight points at you and mumbles some strange words.
The shard of ice is repelled.
The black draconian knight gestures at you while chanting.
The bolt of cold hits you!!
The black draconian knight closely misses you. x2
The black draconian knight breathes lightning at you.
The bolt of lightning hits you!
You hear a shout!
Fire: z) +27 heavy crossbow "Sniper" {heavy, Acc+∞ SInv}
Press: ? - help, Q - select action, (/) - cycle Shift-Dir - straight line, f/p - black draconian knight
Aim: a black draconian knight, wielding a +2 great sword and wearing a +0 cloak (sparse dust, severely wounded, fast, catching its breath, 100% to hit)
You shoot a bolt.
The bolt hits the black draconian knight!
The black draconian knight is severely wounded.
The black draconian knight gestures wildly while chanting.
The black draconian knight flickers and vanishes for a moment.
You block the black draconian knight's attack. x2
The black draconian knight hits you but does no damage.
A sphinx comes into view.
The black draconian knight closely misses you.
The black draconian knight points at you and mumbles some strange words.
The bolt of cold hits you!!!
You feel threatened and lose the ability to drink potions!
* * * LOW HITPOINT WARNING * * *
You hear a sizzling sound!
The black draconian knight hits you with a +2 great sword!!
* * * LOW HITPOINT WARNING * * *
Fire: z) +27 heavy crossbow "Sniper" {heavy, Acc+∞ SInv}
Press: ? - help, Q - select action, (/) - cycle Shift-Dir - straight line, f/p - black draconian knight
Aim: a black draconian knight, wielding a +2 great sword and wearing a +0 cloak (severely wounded, fast, slightly transparent, 100% to hit)
You shoot a bolt.
The bolt hits the black draconian knight!
The black draconian knight is severely wounded.
You hear a roar!
The black draconian knight hits you with a +2 great sword!!
You die...

)#))#..#..#....#..#..#[[#[[#[)#
)#))#..'..##..##..'..#[[#[[#.)#
## #########################')#
########## #### ##')#
...#..#..# #...# ##)..#
.#.#..#(.# ....## ##).)##
...#..#..# #○§###++###...##
.#.#..#[)# #Hq°°....[...##
...##'##'# #@°.....#..)#
...#.....# #.○☼#...###..+
...'.....# ##☼###..)#...#
...#.....# #...#........#
...##'##'# ##......).....#
.#.#.[#..# #..##++##...#..#
...#)(#..# #.## ##.###..#
.#.#[[#..# ... #..# ..#
...#..#..# . ##....##


You could see a black draconian knight (fast, invisible) and a sphinx.

Vanquished Creatures
  3 bone dragons (D)
  4 liches (D)
  A titan (D)
  2 sphinxes (D)
  A shadow dragon (D)
  A death cob (D)
  A storm dragon (D)
  Donald (D)
  Frances (D)
  2 nagarajas (D)
  2 fire giants (D)
  A deep elf sorcerer (D)
  A ghost moth (D)
  A draconian stormcaller (D)
  A cacodemon (D)
  A ghoul (D)
  A draconian shifter (D)
  2 orc warlords (D)
  A stone giant (D)
  A draconian annihilator (D)
  3 war gargoyles (D)
  A green draconian (D)
  7 vampire knights (D)
  A deep elf annihilator (D)
  A black draconian (D)
  2 dire elephants (D)
  A deep elf demonologist (D)
  Azrael (D)
  A minotaur (D)
  A yellow draconian (D)
  2 fire dragons (D)
  A green death (D)
  Josephine (D)
  2 deep elf high priests (D)
  An ice dragon (D)
  A vault guard (D)
  3 ogre magi (D)
  A hydra (D)
  A merfolk avatar (D)
  Erica (D)
  A death yak (D)
  A two-headed ogre (D)
  An anaconda (D)
  A deep troll shaman (D)
  2 death knights (D)
  4 naga warriors (D)
  7 vampire magi (D)
  An orc high priest (D)
  2 naga sharpshooters (D)
  5 deep elf knights (D)
  A fire crab (D)
  Sonja (D)
  A sixfirhy (D)
  2 iron trolls (D)
  7 skeletal warriors (D)
  2 deep trolls (D)
  6 flayed ghosts (D)
  2 cherubim (D)
  2 bog bodies (D)
  14 orc knights (D)
  2 swamp dragons (D)
  A wizard (D)
  A phantasmal warrior (D)
  An ugly thing (D)
  An orc sorcerer (D)
  A necromancer (D)
  A deep elf pyromancer (D)
  A moth of wrath (shapeshifter) (D)
  A merfolk siren (D)
  Joseph (D)
  A black mamba (D)
  An elephant (D)
  A smoke demon (D)
  An eye of devastation (D)
  A demonic crawler (D)
  3 orange demons (D)
  A guardian serpent (D)
  A cane toad (D)
  A rime drake (D)
  An unseen horror (D)
  2 kobold demonologists (D)
  An ice devil (D)
  A komodo dragon (D)
  A guardian mummy (D)
  A polar bear (D)
  A freezing wraith (D)
  3 trolls (D)
  A merfolk (D)
  2 hornets (D)
  Prince Ribbit (D)
  A wind drake (D)
  2 wandering mushrooms (D)
  A snapping turtle (D)
  A water elemental (D)
  A wyvern (D)
  8 vampires (D)
  A ynoxinul (D)
  3 spriggans (D)
  8 wraiths (D)
  5 fire elementals (D)
  2 basilisks (D)
  2 large abominations (D)
  A chaos spawn (D)
  A small abomination (D)
  3 neqoxecs (D)
  A redback (D)
  A steam dragon (D)
  3 nagas (D)
  4 hell hounds (D)
  A floating eye (D)
  8 orc warriors (D)
  An ice beast (D)
  An ogre (shapeshifter) (D)
  2 wolves (D)
  A centaur (D)
  2 phantoms (D)
  2 kobold brigands (D)
  A bullfrog (D)
  An earth elemental (D)
  2 gnoll sergeants (D)
  5 wights (D)
  5 killer bees (D)
  A hound (D)
  An orc priest (D)
  An iron imp (D)
  An iguana (D)
  A mummy (D)
  7 gnolls (D)
  2 adders (D)
  2 white imps (D)
  3 ufetubi (D)
  5 adder zombies (D)
  An adder skeleton (D)
  3 adder simulacra (D)
  13 orcs (D)
  2 ball pythons (D)
  2 bat skeletons (D)
  A bat zombie (D)
  2 endoplasms (D)
  A giant cockroach (D)
  2 goblins (D)
  A hobgoblin (D)
  2 kobolds (D)
  A ball python simulacrum (D)
  A ball python zombie (D)
  A bat simulacrum (D)
  2 frilled lizards (D)
  A giant cockroach simulacrum (D)
  A giant cockroach zombie (D)
  3 quokka simulacra (D)
  2 quokka skeletons (D)
  2 quokka zombies (D)
  2 rats (D)
313 creatures vanquished.

Vanquished Creatures (others)
  An orc (D)
1 creature vanquished.

Grand Total: 314 creatures vanquished

Notes
Turn   | Place    | Note
-------+----------+-------------------------------------------
     0 | D        | BigDaddyOpFi the Demonspawn Fighter began the quest for the
                  | Orb.
     0 | D        | Reached XP level 1. HP: 18/18 MP: 1/1
    16 | D        | Found a bloodstained altar of Trog.
    16 | D        | Found a shimmering blue altar of Sif Muna.
    16 | D        | Found a viscous altar of Jiyva.
    16 | D        | Found a hazy altar of Hepliaklqana.
    16 | D        | Found an opulent altar of Gozag.
    17 | D        | Found a basalt altar of Yredelemnul.
    17 | D        | Found a shimmering altar of Xom.
    17 | D        | Found an ornate altar of the Wu Jian Council.
    17 | D        | Found a sacrificial altar of Ru.
    17 | D        | Found a stormy altar of Qazlal.
    17 | D        | Found an iron altar of Okawaru.
    17 | D        | Found a sparkling altar of Nemelex Xobeh.
    17 | D        | Found a burning altar of Makhleb.
    17 | D        | Found a blossoming altar of Fedhas.
    17 | D        | Found a shadowy altar of Dithmenos.
    17 | D        | Found a snail-covered altar of Cheibriados.
    18 | D        | Found a radiant altar of Vehumet.
    18 | D        | Found a corrupted altar of Lugonu.
    19 | D        | Found an ancient bone altar of Kikubaaqudgha.
    19 | D        | Found a hide-covered altar of Uskayaw.
    19 | D        | Found a broken altar of Ashenzari.
    36 | D        | Became a worshipper of Qazlal Stormbringer
    69 | D        | Reached skill level 2 in Invocations
    73 | D        | Reached skill level 3 in Invocations
    73 | D        | Gained mutation: You may rarely emit foul miasma when
                  | damaged in melee. [demonic ancestry]
    73 | D        | Reached XP level 2. HP: 15/24 MP: 1/4
   133 | D        | Reached * piety under Qazlal
   234 | D        | Reached ** piety under Qazlal
   236 | D        | Reached skill level 4 in Invocations
   249 | D        | Reached skill level 5 in Invocations
   249 | D        | Gained mutation: You regenerate a little health from kills.
                  | [demonic ancestry]
   249 | D        | Reached XP level 3. HP: 30/30 MP: 6/6
   313 | D        | Reached *** piety under Qazlal
   315 | D        | Noticed a bullfrog
   315 | D        | Noticed Prince Ribbit
   325 | D        | Killed a bullfrog
   326 | D        | Reached skill level 6 in Invocations
   326 | D        | Reached XP level 4. HP: 37/38 MP: 7/9
   332 | D        | Reached skill level 5 in Fighting
   332 | D        | Reached skill level 7 in Invocations
   334 | D        | Reached **** piety under Qazlal
   355 | D        | Killed Prince Ribbit
   356 | D        | Reached skill level 5 in Axes
   356 | D        | Reached skill level 5 in Armour
   356 | D        | Reached skill level 5 in Shields
   356 | D        | Reached skill level 9 in Invocations
   356 | D        | Gained mutation: You regenerate health from kills. [demonic
                  | ancestry]
   356 | D        | Reached XP level 5. HP: 27/47 MP: 10/12
   356 | D        | Gained mutation: You are partially covered in thin metallic
                  | scales. (AC +2) [demonic ancestry]
   356 | D        | Reached XP level 6. HP: 31/53 MP: 10/13
   458 | D        | Reached skill level 10 in Invocations
   460 | D        | Noticed a hornet
   468 | D        | Killed a hornet
   469 | D        | Reached skill level 11 in Invocations
   469 | D        | Reached XP level 7. HP: 60/60 MP: 13/15
   622 | D        | Reached ***** piety under Qazlal
   636 | D        | Reached skill level 12 in Invocations
   645 | D        | Found the +7 Throatcutter {drain, coup de grace}
   851 | D        | Noticed a black mamba
   851 | D        | Noticed Joseph
   852 | D        | Killed Joseph
   852 | D        | Reached ****** piety under Qazlal
   852 | D        | Killed a black mamba
   853 | D        | Reached skill level 14 in Invocations
   853 | D        | Gained mutation: You sometimes emit foul miasma when
                  | damaged in melee. [demonic ancestry]
   853 | D        | Reached XP level 8. HP: 69/69 MP: 8/18
  1088 | D        | Noticed a merfolk
  1091 | D        | Noticed Josephine
  1091 | D        | Killed a merfolk
  1091 | D        | Killed Josephine
  1092 | D        | Reached skill level 5 in Long Blades
  1092 | D        | Reached skill level 16 in Invocations
  1092 | D        | Gained mutation: You are mostly covered in thin metallic
                  | scales. (AC +3) [demonic ancestry]
  1092 | D        | Reached XP level 9. HP: 78/78 MP: 10/21
  1093 | D        | Noticed an orange demon
  1097 | D        | Killed an orange demon
  1098 | D        | Reached skill level 10 in Fighting
  1098 | D        | Reached skill level 17 in Invocations
  1345 | D        | Noticed a rime drake
  1346 | D        | Noticed a phantasmal warrior
  1351 | D        | Killed a rime drake
  1352 | D        | Reached XP level 10. HP: 58/85 MP: 22/22
  1368 | D        | Killed a phantasmal warrior
  1430 | D        | Reached skill level 18 in Invocations
  1436 | D        | Noticed a sixfirhy
  1437 | D        | Noticed a five-headed hydra
  1439 | D        | Killed a sixfirhy
  1440 | D        | Reached skill level 10 in Armour
  1446 | D        | Killed a ten-headed hydra
  1447 | D        | Reached skill level 10 in Shields
  1447 | D        | Reached skill level 19 in Invocations
  1584 | D        | Noticed a bog body
  1584 | D        | Noticed Erica
  1584 | D        | Noticed a flayed ghost
  1588 | D        | Killed Erica
  1591 | D        | Killed a flayed ghost
  1594 | D        | Killed a bog body
  1595 | D        | Reached XP level 11. HP: 95/95 MP: 9/24
  1596 | D        | Noticed an orc knight
  1607 | D        | Reached skill level 20 in Invocations
  1616 | D        | Killed an orc knight
  1738 | D        | Noticed Sonja
  1742 | D        | Killed Sonja
  1743 | D        | Reached skill level 21 in Invocations
  2037 | D        | Noticed an orc high priest
  2037 | D        | Noticed an orc knight
  2037 | D        | Noticed a death yak
  2039 | D        | Killed an orc high priest
  2039 | D        | Killed an orc knight
  2047 | D        | Killed a death yak
  2061 | D        | Noticed a merfolk avatar
  2080 | D        | Killed a merfolk avatar
  2081 | D        | Reached skill level 22 in Invocations
  2087 | D        | Noticed an orc sorcerer
  2088 | D        | Noticed an orc knight
  2090 | D        | Killed an orc sorcerer
  2090 | D        | Killed an orc knight
  2091 | D        | Reached skill level 10 in Long Blades
  2091 | D        | Gained mutation: You regenerate a lot of health from kills.
                  | [demonic ancestry]
  2091 | D        | Reached XP level 12. HP: 105/105 MP: 18/27
  2262 | D        | Noticed Donald
  2280 | D        | Killed Donald
  2362 | D        | Found the +27 heavy crossbow "Sniper" {heavy, Acc+∞ SInv}
  2362 | D        | Noticed a naga warrior
  2362 | D        | Noticed a green death
  2362 | D        | Noticed a fire giant
  2362 | D        | Killed a green death
  2362 | D        | Killed a naga warrior
  2362 | D        | Killed a fire giant
  2363 | D        | Reached skill level 23 in Invocations
  2623 | D        | Noticed a vampire mage
  2624 | D        | Noticed an orc warlord
  2625 | D        | Noticed an orc warlord
  2642 | D        | Killed an orc warlord
  2642 | D        | Killed a vampire mage
  2643 | D        | Reached skill level 24 in Invocations
  2649 | D        | Killed an orc warlord
  2660 | D        | Noticed a death cob
  2661 | D        | Reached skill level 25 in Invocations
  2666 | D        | Reached skill level 15 in Fighting
  2666 | D        | Gained mutation: Your magical and physical power is
                  | slightly enhanced at high health. [demonic ancestry]
  2666 | D        | Reached XP level 13. HP: 84/115 MP: 16/29
  2671 | D        | Killed a death cob
  2686 | D        | Reached skill level 26 in Invocations
  3312 | D        | Noticed a minotaur
  3323 | D        | Killed a minotaur
  3396 | D        | Reached skill level 27 in Invocations
  3443 | D        | Gained mutation: You occasionally lose the ability to drink
                  | potions when taking damage. [a neqoxec]
  3566 | D        | Got the Anthology of the Fair Folk
  3636 | D        | Paralysed by a floating eye for 4 turns
  3651 | D        | Killed a ghost moth
  3652 | D        | Reached skill level 15 in Armour
  3652 | D        | Reached skill level 15 in Shields
  3894 | D        | Noticed Azrael
  3899 | D        | Killed Azrael
  3904 | D        | Noticed a war gargoyle
  3911 | D        | Killed a war gargoyle
  3917 | D        | Noticed a dire elephant
  3933 | D        | Killed a dire elephant
  4262 | D        | Noticed a sphinx
  4265 | D        | Killed a sphinx
  4265 | D        | Noticed a sphinx
  4266 | D        | Gained mutation: You have a pair of small antennae on your
                  | head. [demonic ancestry]
  4266 | D        | Reached XP level 14. HP: 128/128 MP: 22/31
  4271 | D        | Noticed a cacodemon
  4272 | D        | Killed a cacodemon
  4272 | D        | Killed a sphinx
  4273 | D        | Reached skill level 15 in Long Blades
  4551 | D        | Killed a war gargoyle
  4552 | D        | Noticed a lich
  4553 | D        | Noticed a stone giant
  4555 | D        | Noticed a shadow dragon
  4558 | D        | Killed a lich
  4558 | D        | Killed a shadow dragon
  4567 | D        | Noticed a titan
  4574 | D        | Killed a stone giant
  4585 | D        | Killed a titan
  4748 | D        | Noticed a nagaraja
  4748 | D        | Noticed a storm dragon
  4749 | D        | Killed a nagaraja
  4750 | D        | Noticed a white draconian stormcaller
  4762 | D        | Killed a white draconian stormcaller
  4766 | D        | Killed a storm dragon
  5059 | D        | Noticed a vampire knight
  5059 | D        | Noticed a ghoul
  5059 | D        | Noticed a lich
  5059 | D        | Noticed a bone dragon
  5059 | D        | Noticed a vampire knight
  5059 | D        | Noticed a vampire knight
  5061 | D        | Noticed a bone dragon
  5061 | D        | Killed a vampire knight
  5061 | D        | Killed a lich
  5061 | D        | Killed a vampire knight
  5061 | D        | Killed a vampire knight
  5061 | D        | Killed a ghoul
  5061 | D        | Killed a bone dragon
  5061 | D        | Killed a vampire knight
  5061 | D        | Killed a vampire knight
  5062 | D        | Gained mutation: You have a pair of antennae on your head.
                  | [demonic ancestry]
  5062 | D        | Reached XP level 15. HP: 143/143 MP: 23/32
  5062 | D        | Noticed a bone dragon
  5065 | D        | Killed a bone dragon
  5089 | D        | Killed a bone dragon
  5164 | D        | Got a silver rune of Zot
  5164 | D        | Got the Incunable of the Gift and the Entourage
  5204 | D        | Got the ring of the Present {Fly rF+ rC- EV+5 Slay+6}
  5325 | D        | Noticed a deep elf sorcerer
  5336 | D        | Noticed Frances
  5346 | D        | Killed a deep elf sorcerer
  5364 | D        | Killed Frances
  5384 | D        | Noticed a nagaraja
  5387 | D        | Killed a nagaraja
  5432 | D        | Noticed a lich
  5434 | D        | Killed a lich
  5897 | D        | Noticed a fire giant
  5901 | D        | Killed a fire giant
  5911 | D        | Noticed a lich
  5914 | D        | Noticed a black draconian knight
  5915 | D        | Killed a lich
  5917 | D        | Noticed a sphinx
  5917 | D        | HP: 5/148 [black draconian knight/+2 great sword (21)]
  5918 | D        | Demolished by a black draconian knight

Illustrated notes

Levels and vault maps discovered:
D:        pitsprint [storerooms_1, entrance_room_1, metal_vault_1, armoury_1,
          mini_pit_1, grid_room_1, main_hall_1, silver_pit, the_coven_1,
          the_vestibule_1, steel_vault_1, golden_pit, hallway_of_sentries,
          crystal_vault_4, iron_vault_5, final_vault]

Skill      XL: |  1  2  3  4  5  6  7  8  9 10 11 12 13 14 15 |
---------------+----------------------------------------------+-----
Axes           | 2 3 5 6 |  6.4
Armour         | 3 4 5 6 7 9 10 12 13 15 19 20 | 20.6
Shields        | 3 4 5 6 7 8 9 10 12 13 15 19 20 | 20.6
Invocations    | 3 5 6 9 11 14 16 17 19 22 25 27 | 27.0
Fighting       | 4 6 7 8 9 10 11 13 15 17 20 22 | 22.4
Long Blades    | 3 5 6 8 10 12 14 18 19 | 19.7

Action                     |  1- 3 |  4- 6 |  7- 9 | 10-12 | 13-15 || total
---------------------------+-------+-------+-------+-------+-------++-------
  Melee: War axe           |    60 |    39 |    18 |       |       ||   117
         Long sword        |       |       |    10 |   135 |   189 ||   334
   Fire: Heavy crossbow    |       |       |       |       |    41 ||    41
 Invoke: Disaster Area     |       |       |     3 |    11 |    12 ||    26
    Use: Potion            |     1 |     2 |       |     5 |     8 ||    16
         Scroll            |       |       |       |     3 |       ||     3
   Stab: Confused          |       |       |       |       |     1 ||     1
 Armour: Scale mail        |    54 |       |       |       |       ||    54
         Chain mail        |     6 |    17 |    14 |    85 |    11 ||   133
         Gold dragon scale |       |       |       |       |   207 ||   207
  Dodge: Dodged            |    43 |    13 |     9 |    51 |    96 ||   212
         Repelled          |       |       |     2 |     1 |     4 ||     7
  Block: Buckler           |    36 |    18 |    12 |    97 |       ||   163
         Kite shield       |       |       |       |    54 |   113 ||   167
         Reflection        |       |       |       |     1 |     7 ||     8
         Tower shield      |       |       |       |       |    60 ||    60
         Other             |       |       |       |       |    37 ||    37

Table legend: (Time is in decaauts)
 A = Elapsed time spent in this place.
 B = Non-inter-level travel time spent in this place.
 C = Inter-level travel time spent in this place.
 D = Time resting spent in this place.
 E = Time spent auto-exploring this place.
 F = Levels seen in this place.
 G = Mean time per level.
                   A        B        C        D        E       F      G
               +--------+--------+--------+--------+--------+-----+--------+
         Total |   6131 |   5966 |    165 |   3634 |      0 |   1 | 6131.0 |
       Dungeon |   6131 |   5966 |    165 |   3634 |      0 |   1 | 6131.0 |
               +--------+--------+--------+--------+--------+-----+--------+

Top non-repeatable levels by time:
       D: 6131 daAuts
